 Dungeon Sprint DCSS version 0.27.1 (webtiles) character file.

Game seed: 7122240499334682931

1077 styxcanada the Unseen (level 8, -1/42 HPs)
             Began as a Spriggan Brigand on Sept 3, 2021.
             Was an Initiate of Gozag.
             Slain by a killer bee (8 damage)
             ... in the Dungeon (Sprint IV: "Fedhas' Mad Dash").
             The game lasted 00:04:12 (874 turns).

styxcanada the Unseen (Spriggan Brigand)             Turns: 874, Time: 00:04:12

Health: -1/42      AC:  3    Str:  7    XL:     8   Next: 8%
Magic:  8/9        EV: 21    Int: 13    God:    Gozag
Gold:   133        SH:  0    Dex: 18    Spells: 7/7 levels left

rFire    . . .     SeeInvis +   n - +3 short sword (holy)
rCold    . . .     Faith    .   (shield restricted)
rNeg     . . .     Spirit   .   b - +0 robe
rPois    .         Reflect  .   (helmet restricted)
rElec    .         Harm     .   c - +0 cloak
rCorr    .         Rampage  .   (gloves unavailable)
Will     ++...     NoTele   +   (boots unavailable)
Stlth    +++++++...             l - amulet of invisibility {+Inv}
HPRegen  0.14/turn              o - ring "Dainteph" {Fly Will+}
MPRegen  0.11/turn              (no ring)

@: gold aura, flying, very slightly contaminated, very quick
A: very small, no large weapons, unfitting armour, see invisible, speed 3
a: Renounce Religion, Evoke Invisibility, Potion Petition, Call Merchant, Bribe
Branch


You were in the Dungeon.
You worshipped Gozag.
Gozag was aware of your devotion.
You visited 1 branch You collected 659 gold pieces.
You spent 526 gold pieces at shops.

Inventory:

Hand Weapons
 a - a +2 dagger
 e - a +0 hunting sling
 n - a +3 short sword of holy wrath (weapon)
Missiles
 d - 6 poisoned darts (quivered)
 m - 2 curare-tipped darts
Armour
 b - a +0 robe (worn)
 c - a +0 cloak (worn)
Jewellery
 l - the amulet of invisibility (around neck) {+Inv}
   (You found it in the Dungeon)

   [amulet of nothing]

   +Inv:      It lets you turn invisible.
 o - the ring "Dainteph" (left hand) {Fly Will+}
   (You found it in the Dungeon)

   [ring of willpower]

   Fly:       It grants you flight.
   Will:      It increases your willpower.
 t - a ring of flight
Scrolls
 k - 3 scrolls of blinking
 p - a scroll of enchant armour {unknown}
 q - a scroll of enchant weapon {unknown}
 r - a scroll of identify {unknown}
Potions
 f - 2 potions of curing
 g - 2 potions of heal wounds
 h - a potion of haste
 i - 2 potions of magic
 j - a potion of berserk rage
 s - a potion of degeneration {unknown}


   Skills:
 * Level 4.6 Fighting
 + Level 5.6 Short Blades
 + Level 6.9 Throwing
 * Level 6.2 Dodging
 * Level 19.1 Stealth
 * Level 6.7 Evocations


You had 7 spell levels left.
You didn't know any spells.
Your spell library was empty.

Dungeon Overview and Level Annotations

Branches:
Dungeon (1/1)

Altars:
Cheibriados
Dithmenos
Elyvilon
Gozag
Hepliaklqana
Kikubaaqudgha
Makhleb
Nemelex Xobeh
Okawaru
Qazlal
Ru
Sif Muna
Trog
Uskayaw
Vehumet
Wu Jian
Xom
Yredelemnul
Zin
The Shining One
Beogh
Jiyva
Lugonu

Shops:
D [(*(


Innate Abilities, Weirdness & Mutations

You are very small and have problems with some larger weapons.
You are too small for most types of armour.
You have supernaturally acute eyesight. (SInv)
You cover ground extremely quickly. (Speed+++)


Message History

You hit the queen bee but do no damage.
The queen bee is lightly wounded.
The killer bee misses you.
The killer bee stings you but does no damage.
The killer bee completely misses you.
You barely miss the killer bee.
The killer bee is no longer distracted by gold.
The killer bee misses you. The killer bee closely misses you.
The queen bee barely misses you. The killer bee completely misses you.
The killer bee misses you.
Unknown command.
You miss the killer bee. The killer bee barely misses you.
The killer bee is distracted by your dazzling golden aura. x2
The queen bee stings you!
The killer bee buzzes angrily.
You closely miss the killer bee.
The killer bee is no longer distracted by gold.
The killer bee stings you! The killer bee misses you.
The killer bee is distracted by your dazzling golden aura.
The queen bee stings you!
* * * LOW HITPOINT WARNING * * *
Unknown command.
The killer bee buzzes angrily.
You hit the killer bee.
The killer bee is no longer distracted by gold.
The killer bee is lightly wounded.
The killer bee completely misses you. The killer bee misses you.
The queen bee calls on the killer bee to defend it!
The killer bee goes berserk!
The killer bee is distracted by your dazzling golden aura.
You closely miss the killer bee.
The killer bee is no longer distracted by gold.
The killer bee is lightly wounded.
The killer bee misses you. The killer bee completely misses you.
Unknown command.
You hit the killer bee but do no damage.
The killer bee is lightly wounded.
The killer bee stings you!
You die...
Your body crumbles into a pile of gold.

#####################
#<)..#....÷#.....#.⌠.
#PP..'.....'.#...'.._
#PPPP#.....#.#...#...
###############'##.._
#..$♣........'...#._.
#..y@..♣.....#$$$####
#..yy.♣..♣..######
##+####+#####


$$$$ $ You could see a queen bee and 2 killer bees.

Vanquished Creatures
  A burning bush (D)
  2 wandering mushrooms (D)
  3 scorpions (D)
  2 killer bees (D)
  4 oklob saplings (D)
  2 spriggans (D)
  A river rat (D)
  A rat (D)
16 creatures vanquished.

Vanquished Creatures (others)
  A fungus (D)
1 creature vanquished.

Grand Total: 17 creatures vanquished

Notes
Turn   | Place    | Note
-------+----------+-------------------------------------------
     0 | D        | styxcanada the Spriggan Brigand began the quest for the
                  | Orb.
     0 | D        | Reached XP level 1. HP: 10/10 MP: 2/2
    18 | D        | Reached skill level 8 in Stealth
    18 | D        | Reached XP level 2. HP: 6/15 MP: 3/3
   209 | D        | Noticed an oklob sapling
   211 | D        | Killed an oklob sapling
   212 | D        | Reached skill level 9 in Stealth
   212 | D        | Reached XP level 3. HP: 18/18 MP: 4/4
   213 | D        | Noticed a scorpion
   213 | D        | Found the amulet of invisibility {+Inv}
   215 | D        | Killed a scorpion
   216 | D        | Reached skill level 11 in Stealth
   216 | D        | Reached XP level 4. HP: 23/23 MP: 5/5
   341 | D        | Found an opulent altar of Gozag.
   341 | D        | Found a hazy altar of Hepliaklqana.
   341 | D        | Found a burning altar of Makhleb.
   341 | D        | Found a sparkling altar of Nemelex Xobeh.
   341 | D        | Found a snail-covered altar of Cheibriados.
   341 | D        | Found a sacrificial altar of Ru.
   341 | D        | Found a shimmering blue altar of Sif Muna.
   341 | D        | Found a shimmering altar of Xom.
   341 | D        | Found a basalt altar of Yredelemnul.
   342 | D        | Found a viscous altar of Jiyva.
   342 | D        | Found a bloodstained altar of Trog.
   342 | D        | Found an ornate altar of the Wu Jian Council.
   343 | D        | Found an iron altar of Okawaru.
   343 | D        | Found a shadowy altar of Dithmenos.
   343 | D        | Found a glowing silver altar of Zin.
   344 | D        | Found an ancient bone altar of Kikubaaqudgha.
   344 | D        | Found a hide-covered altar of Uskayaw.
   345 | D        | Found a stormy altar of Qazlal.
   345 | D        | Found a white marble altar of Elyvilon.
   345 | D        | Found a glowing golden altar of the Shining One.
   346 | D        | Became a worshipper of Gozag Ym Sagoz the Greedy
   347 | D        | Found a corrupted altar of Lugonu.
   347 | D        | Found a radiant altar of Vehumet.
   351 | D        | Reached skill level 13 in Stealth
   351 | D        | Reached skill level 1 in Evocations
   351 | D        | Reached XP level 5. HP: 27/27 MP: 3/6
   396 | D        | Reached skill level 5 in Throwing
   396 | D        | Reached skill level 14 in Stealth
   397 | D        | Reached skill level 15 in Stealth
   446 | D        | Reached XP level 6. HP: 11/32 MP: 7/7
   674 | D        | Found Hykene's Weapon Shop.
   674 | D        | Found Dutugia's Antique Armour Emporium.
   681 | D        | Bought a +3 short sword of holy wrath for 268 gold pieces
   785 | D        | Noticed a burning bush
   785 | D        | Noticed a wandering mushroom
   786 | D        | Noticed a wandering mushroom
   789 | D        | Killed a burning bush
   790 | D        | Reached skill level 5 in Short Blades
   790 | D        | Reached skill level 16 in Stealth
   790 | D        | Killed a wandering mushroom
   791 | D        | Reached skill level 5 in Dodging
   791 | D        | Reached skill level 18 in Stealth
   791 | D        | Reached skill level 5 in Evocations
   791 | D        | Reached XP level 7. HP: 37/37 MP: 5/8
   791 | D        | Killed a wandering mushroom
   805 | D        | Found Poevaq's Weapon Emporium.
   805 | D        | Found Vaycle Heac's Assorted Antiques.
   809 | D        | Identified the ring "Dainteph" {Fly Will+}
   813 | D        | Bought a scroll labelled SOUPPA HAJEX for 29 gold pieces
   813 | D        | Bought a scroll labelled QOFIUCSUNEPH for 29 gold pieces
   813 | D        | Bought a scroll labelled BAINKE JALO for 29 gold pieces
   813 | D        | Bought an amethyst potion for 26 gold pieces
   813 | D        | Bought an encrusted onyx ring for 145 gold pieces
   857 | D        | Noticed a queen bee
   865 | D        | Reached skill level 19 in Stealth
   865 | D        | Reached XP level 8. HP: 41/42 MP: 7/9
   874 | D        | Slain by a killer bee

Illustrated notes

Levels and vault maps discovered:
D:        dungeon_sprint_fedhas [sprint_temple]

Skill      XL: |  1  2  3  4  5  6  7 |
---------------+----------------------+-----
Stealth        | 8 9 11 13 15 18 19 | 19.1
Fighting       | 2 3 4 |  4.6
Throwing       | 3 4 5 6 |  6.9
Short Blades   | 3 4 5 |  5.6
Evocations     | 1 2 5 6 |  6.7
Dodging        | 2 5 6 |  6.2

Action                   |  1- 3 |  4- 6 |  7- 9 || total
-------------------------+-------+-------+-------++-------
Melee: Dagger            |     3 |     7 |       ||    10
       Short sword       |       |     2 |    15 ||    17
Throw: Dart              |     9 |     9 |       ||    18
 Abil: Evoke Invisibilit |       |     3 |     1 ||     4
 Stab: Sleeping          |     3 |     6 |     3 ||    12
       Invisible         |       |       |     2 ||     2
Armor: Robe              |       |       |     1 ||     1
Dodge: Dodged            |     2 |     9 |    25 ||    36
